 Dungeon Crawl Stone Soup version 0.21-a0-509-gecc5317 (webtiles) character file.

159 KristoblXynda the Chopper (level 5, 0/41 HPs)
             Began as a Draconian Skald on Nov 30, 2017.
             Was an Initiate of Ashenzari.
             Slain by an orc
             ... wielding a cursed -3 hand axe
              (7 damage)
             ... on level 3 of the Dungeon.
             The game lasted 00:03:27 (2150 turns).

KristoblXynda the Chopper (Draconian Skald)         Turns: 2150, Time: 00:03:27

Health: 0/41       AC:  5    Str: 14    XL:     5   Next: 17%
Magic:  9/9        EV: 12    Int: 14    God:    Ashenzari [......]
Gold:   73         SH:  0    Dex: 10    Spells: 6/10 levels left

rFire    . . .     SeeInvis .   l - +0 hand axe (elec) (curse)
rCold    . . .     Gourm    .   (no shield)
rNeg     . . .     Faith    .   (armour unavailable)
rPois    .         Spirit   .   (helmet restricted)
rElec    .         Reflect  .   (no cloak)
rCorr    .         Harm     .   (no gloves)
MR       +....                  (no boots)
Stlth    +.........             (no amulet)
HPRegen  0.13/turn              p - ring of protection from magic
MPRegen  0.11/turn              (no ring)

@: lethally poisoned (0 -> -5)
A: unfitting armour, cold-blooded, AC +5
a: Curse Item, Renounce Religion


You were on level 3 of the Dungeon.
You worshipped Ashenzari.
Ashenzari was noncommittal.
You were not hungry.

You visited 1 branch of the dungeon, and saw 3 of its levels.

You collected 73 gold pieces.

Inventory:

Hand Weapons
 l - a cursed +0 hand axe of electrocution (weapon)
Missiles
 i - 8 javelins (quivered)
Jewellery
 p - a ring of protection from magic (left hand)
Scrolls
 a - a scroll of amnesia {unknown}
 k - a scroll of magic mapping {unknown}
 m - a scroll of teleportation {unknown}
 q - a scroll of enchant weapon {unknown}
 r - a scroll of remove curse
 t - a scroll of fear {unknown}
Potions
 d - a potion of lignification
 g - a potion of curing {unknown}
 h - 2 potions of flight
 n - a potion of brilliance
 s - a potion of invisibility
Books
 b - a book of Battle

   Spells                             Type                      Level
   a - Infusion                       Charms                       1
   b - Shroud of Golubria             Charms/Translocation         2
   c - Song of Slaying                Charms                       2
   d - Spectral Weapon                Hexes/Charms                 3
   e - Regeneration                   Charms/Necromancy            3
Comestibles
 c - a bread ration
 f - a meat ration
 j - a royal jelly


   Skills:
 - Level 2.1 Fighting
 * Level 4.0 Axes
 - Level 2.1 Dodging
 + Level 3.0 Spellcasting
 + Level 3.5 Charms


You had 6 spell levels left.
You knew the following spells:

 Your Spells              Type           Power        Failure   Level  Hunger
a - Infusion              Chrm           ##..         4%          1    #......
b - Regeneration          Chrm/Necr      #.........   30%         3    ###....


Dungeon Overview and Level Annotations

Branches:
Dungeon (3/15)

Altars:
Ashenzari
The Shining One


Innate Abilities, Weirdness & Mutations

Your plain brown scales are hard. (AC +5)
You cannot fit into any form of body armour.
You are cold-blooded and may be slowed by cold attacks.


Message History

Things that are here:
a +0 club; an adder corpse; an orc corpse You closely miss the orc.
The orc is almost dead.
You barely miss the orc.
You feel sick. The orc hits you with a falchion.
* * * LOW HITPOINT WARNING * * *
The orc completely misses you.
Unknown command.
You hit the orc.
The orc is severely wounded.
You hit the orc. Lightning courses through the orc!
You kill the orc!
You feel sick. The orc barely misses you.
You closely miss the orc.
The orc is severely wounded.
You feel sick. The orc closely misses you.
You barely miss the orc.
The orc is severely wounded.
The orc hits you with a hand axe!
You die...

. #....###
.###....########
......###.#.#.. o
......###.#..#####..
.............#.....
........#.##..... .
......#....#..### ...
....>.####.$..[)####....#
.............##)@)...#
.......###.#.####o.#....$
....#..# #.#..# .....##..
##.....# #.##.##.....#
......# #.. ........# .#.
..#.....# . . ......... #
#......(


You could see an orc.

Vanquished Creatures
  Natasha (twice) (D:3)
  3 adders
  An ooze (D:2)
  A dart slug (D:1)
  4 leopard geckos
  6 orcs (D:3)
  A ball python (D:1)
  2 giant cockroaches (D:1)
  4 goblins
  7 hobgoblins
  10 jackals
  A quokka (D:2)
  4 bats
  4 frilled lizards
  6 kobolds
  8 rats
64 creatures vanquished.

Notes
Turn   | Place    | Note
-------+----------+-------------------------------------------
     0 | D:1      | KristoblXynda the Draconian Skald began the quest for the Orb.
     0 | D:1      | Reached XP level 1. HP: 17/17 MP: 3/3
   232 | D:1      | Reached XP level 2. HP: 24/24 MP: 5/5
   594 | D:1      | Reached XP level 3. HP: 20/29 MP: 6/6
   826 | D:2      | Reached skill level 3 in Axes
  1260 | D:2      | Found a shattered altar of Ashenzari.
  1264 | D:2      | Reached XP level 4. HP: 27/36 MP: 7/7
  1308 | D:2      | Became a worshipper of Ashenzari the Shackled
  1804 | D:3      | Found a glowing golden altar of the Shining One.
  1825 | D:3      | Noticed Natasha
  1840 | D:3      | Killed Natasha
  1852 | D:3      | Noticed Natasha
  1874 | D:3      | Killed Natasha
  1874 | D:3      | Reached XP level 5. HP: 18/41 MP: 9/9
  2102 | D:3      | Learned a level 3 spell: Regeneration
  2136 | D:3      | Reached skill level 4 in Axes
  2150 | D:3      | Slain by an orc

Vault maps used:
D:1:      minmay_arrival_widening_spiral_wide
D:2:      old_standard_altar
D:3:      zin_purify, nicolae_tso_carved_into_rock, grunt_qazlal_clouds,
          uniq_ijyb, uniq_natasha, uniq_jessica

Skill      XL: |  1  2  3  4  5 |
---------------+----------------+-----
Charms         | 3 |  3.5
Axes           | 3 4 |  4.0
Spellcasting   | 3 |  3.0
Fighting       | |  2.1
Dodging        | |  2.1

Action                   |  1- 3 |  4- 6 || total
-------------------------+-------+-------++-------
Melee: Hand axe          |   139 |    56 ||   195
       Tailslap          |     6 |     6 ||    12
Invok: Curse Item        |       |     1 ||     1
  Use: Potion            |       |     3 ||     3
       Scroll            |       |     2 ||     2
 Stab: Sleeping          |     2 |       ||     2
  Eat: Chunk             |     1 |     2 ||     3
       Meat ration       |       |     1 ||     1
Armor: Skin              |    54 |    14 ||    68
Dodge: Dodged            |   122 |    25 ||   147

Table legend:
 A = Spawn XP
 B = Non-spawn XP
 C = Spawn XP percentage of total XP
 D = Spawn monster count
 E = Non-spawn monster count
 F = Spawn count percentage of total count
 G = Total turns spent on level
                    A         B        C        D         E        F      G
               +---------+---------+-------+---------+---------+-------+---------
         Total |       0 |     228 |   0.0 |       0 |      64 |   0.0 |  2150
               +---------+---------+-------+---------+---------+-------+---------
           D:1 |       0 |      46 |   0.0 |       0 |      27 |   0.0 |   770
           D:2 |       0 |      68 |   0.0 |       0 |      22 |   0.0 |   911
           D:3 |       0 |     114 |   0.0 |       0 |      15 |   0.0 |   469
               +---------+---------+-------+---------+---------+-------+---------
